 Dungeon Crawl Stone Soup version 0.30-a0-956-gcec3b41aec (webtiles) character file.

Game seed: 1386016684503752709

79 cforsyth the Trooper (level 4, -4/55 HPs)
             Began as a Formicid Fighter on Mar 29, 2023.
             Killed by divine providence
             ... invoked by an orc priest
              (11 damage)
             ... on level 3 of the Dungeon.
             The game lasted 00:02:31 (1605 turns).

cforsyth the Trooper (Formicid Fighter)             Turns: 1605, Time: 00:02:32

Health: -4/55      AC: 22    Str: 22    XL:     4   Next: 62%
Magic:  4/4        EV:  2    Int:  8    God:
Gold:   143        SH:  5    Dex: 13    Spells: 3/3 levels left

rFire   + . .      SeeInvis .    a - +0 flail
rCold   + . .      Faith    .    c - +0 buckler
rNeg    . . .      Spirit   .    b - melded +0 scale mail
rPois   +          Reflect  .    (helmet unavailable)
rElec   +          Rampage  .    (cloak currently unavailable)
rCorr   +                        (gloves currently unavailable)
Will    .....                    (boots currently unavailable)
Stlth   +                        (no amulet)
HPRegen 0.29/turn                e - ring of resist corrosion
MPRegen 0.09/turn                (no ring)

@: brilliant, tree-form (expiring), resistant
A: stationary, stasis, torment immunity, boosted hp, permanent stasis, dig
shafts and tunnels, (antennae 3), four strong arms
a: no special abilities


You were on level 3 of the Dungeon.
You were a tree.
You visited 1 branch of the dungeon, and saw 3 of its levels.

You collected 143 gold pieces.

Inventory:

Hand Weapons
 a - a +0 flail (weapon)
Armour
 b - a +0 scale mail (melded)
 c - a +0 buckler (worn)
Jewellery
 e - a ring of resist corrosion (left branch)
Scrolls
 i - a scroll of torment {unknown}
 j - a scroll of identify {unknown}
 l - 2 scrolls of noise {unknown}
 m - a scroll of teleportation {unknown}
 o - a scroll of brand weapon {unknown}
Potions
 d - a potion of might


   Skills:
 + Level 4.1 Fighting
 * Level 3.8 Maces & Flails
 - Level 3.2 Armour
 - Level 4.0 Shields


You had 3 spell levels left.
You didn't know any spells.
Your spell library contained the following spells:

 Spells                   Type           Power      Damage    Failure   Level
 Apportation              Tloc           0%         N/A       47%         1
 Alistair's Intoxication  Tmut/Pois      0%         N/A       100%        5


Dungeon Overview and Level Annotations

Branches:
Dungeon (3/15)

Altars:
Dithmenos

Annotations:
D:3 1 transporter


Innate Abilities, Weirdness & Mutations

You are a tree.
Your roots penetrate the ground, keeping you stationary.
You cannot be teleported.
You are immune to unholy pain and torment.
Your maximum health is greatly increased.
Your equipment is partially melded.
You cannot be hasted, slowed, berserked, paralysed or teleported.
You can dig through walls and to a lower floor.
((You have a pair of large antennae on your head. (SInv)))
Your four strong arms can wield two-handed weapons with a shield.


Message History

You cannot move. (Use ctrl+direction or * direction to attack while stationary and confused.)
You hit the orc priest but do no damage.
The orc priest hits you but does no damage.
Something hits you but does no damage.
You attack the rock wall.
The orc priest hits you but does no damage.
Something hits you but does no damage.
You barely miss the orc priest.
The orc priest hits you with a +0 hand axe.
* * * LOW HITPOINT WARNING * * *
Something hits you but does no damage.
You hit the orc priest.
The orc priest is moderately wounded.
Your transformation is almost over.
The orc priest invokes the aid of Beogh against you.
Beogh smites you!
* * * LOW HITPOINT WARNING * * *
Something hits you but does no damage.
The orc priest hits you but does no damage.
Something hits you but does no damage.
You attack the rock wall.
The orc priest hits you but does no damage.
Something hits you but does no damage.
You attack the rock wall.
You feel less confused.
The orc priest hits you but does no damage.
You block something's attack.
You hit the orc priest.
The orc priest is heavily wounded.
The orc priest casts a cantrip, but nothing happens.
Something hits you but does no damage.
The orc priest hits you but does no damage.
You hear some strange, mumbled words.
A puff of flame appears from out of thin air!
The puff of flame hits you but does no damage.
You hit the orc priest.
The orc priest is almost dead.
The orc priest invokes the aid of Beogh against you.
Beogh smites you!
You die...

##.## P♣♣# # #...#
♣♣♣P.P♣ # ...
♣♣P..P♣ # ...
♣....P♣ # #.#
♣♣..♣♣♣ # #)#
♣P...♣######## #.#
#♣P.♣#........
#o######....####.##
#{♣..............#
##################


You could see an orc priest.

Vanquished Creatures
  2 adders (D:2)
  A worm (D:2)
  An orc (D:3)
  5 ball pythons
  3 bats
  5 endoplasms
  4 giant cockroaches
  6 goblins
  2 hobgoblins
  4 jackals (D:1)
  4 quokkas
  2 frilled lizards
  5 kobolds
  5 rats
49 creatures vanquished.

Vanquished Creatures (others)
  A plant (D:3)
1 creature vanquished.

Grand Total: 50 creatures vanquished

Notes
Turn   | Place    | Note
-------+----------+-------------------------------------------
     0 | D:1      | cforsyth the Formicid Fighter began the quest for the Orb.
     0 | D:1      | Reached XP level 1. HP: 18/18 MP: 1/1
   113 | D:1      | Reached XP level 2. HP: 24/24 MP: 2/2
   214 | D:1      | HP: 1/24 [poisoned by a kobold]
   373 | D:1      | Reached XP level 3. HP: 28/30 MP: 3/3
   930 | D:2      | Reached XP level 4. HP: 37/37 MP: 4/4
  1451 | D:3      | Found a shadowy altar of Dithmenos.
  1454 | D:3      | Found a transporter.
  1589 | D:3      | HP: 1/37 [orc wizard/+0 dagger (1)]
  1605 | D:3      | Killed from afar by an orc priest

Illustrated notes

Levels and vault maps discovered:
D:1:      dpeg_arrival_simpleton_c, layout_loops_ring, item_on_display_a
D:2:      layout_basic, nicolae_half_adder
D:3:      layout_loops_ring, lemuel_doored_altar,
          gammafunk_temple_overflow_arena, serial_forest,
          infiniplex_forest_clump_curved, infiniplex_forest_end_2,
          infiniplex_forest_clump_curved, infiniplex_forest_end_2,
          infiniplex_forest_clump_long, biasface_ghost_orc_armoury, uniq_natasha

Skill      XL: |  1  2  3 |
---------------+----------+-----
Maces & Flails | 3 |  3.8
Fighting       | 4 |  4.1
Armour         | |  3.2
Shields        | |  4.0

Action                     |  1- 3 |  4- 6 || total
---------------------------+-------+-------++-------
  Melee: Flail             |    98 |    52 ||   150
    Use: Potion            |       |     6 ||     6
 Armour: Scale mail        |    51 |    20 ||    71
         Skin              |       |    21 ||    21
  Dodge: Dodged            |    45 |    18 ||    63
  Block: Buckler           |    31 |     7 ||    38

Table legend: (Time is in decaauts)
 A = Elapsed time spent in this place.
 B = Non-inter-level travel time spent in this place.
 C = Inter-level travel time spent in this place.
 D = Time resting spent in this place.
 E = Time spent auto-exploring this place.
 F = Levels seen in this place.
 G = Mean time per level.
                   A        B        C        D        E       F      G
               +--------+--------+--------+--------+--------+-----+--------+
         Total |   1646 |   1600 |     46 |      0 |   1219 |   3 |  548.7 |
       Dungeon |   1646 |   1600 |     46 |      0 |   1219 |   3 |  548.7 |
               +--------+--------+--------+--------+--------+-----+--------+

Top non-repeatable levels by time:
     D:2: 718 daAuts
     D:1: 714 daAuts
     D:3: 213 daAuts
